 Dungeon Crawl Stone Soup version 0.23.1-41-g7e51ed3 (webtiles) character file.

Game seed: 4929380460655567216

3417 doot the Spear-Bearer (level 10, 0/77 HPs)
             Began as a Merfolk Gladiator on Mar 29, 2019.
             Was a Believer of Fedhas.
             Slain by an unseen horror (5 damage)
             ... on level 7 of the Dungeon.
             The game lasted 00:19:18 (5775 turns).

doot the Spear-Bearer (Merfolk Gladiator)           Turns: 5775, Time: 00:19:19

Health: 0/77       AC:  7    Str: 18    XL:     10   Next: 5%
Magic:  10/10      EV: 21    Int:  8    God:    Fedhas [**....]
Gold:   190        SH:  0    Dex: 15    Spells: 7/9 levels left

rFire    . . .     SeeInvis .   a - +0 trident
rCold    . . .     Gourm    .   (no shield)
rNeg     . . .     Faith    .   F - +2 leather armour {rPois}
rPois    +         Spirit   .   c - +0 helmet
rElec    .         Reflect  .   (no cloak)
rCorr    .         Harm     .   (no gloves)
MR       .....                  r - +0 pair of boots
Stlth    ++........             y - amulet of regeneration
HPRegen  0.62/turn              q - +4 ring of evasion
MPRegen  0.12/turn              u - ring of flight

@: no status effects
A: change form in water, swift swim, stealthy swim
a: Fungal Bloom, Sunlight, Evolution, Renounce Religion, Evoke Flight


You were on level 7 of the Dungeon.
You worshipped Fedhas.
Fedhas was pleased with you.
You were not hungry.

You visited 2 branches of the dungeon, and saw 8 of its levels.

You collected 370 gold pieces.
You spent 180 gold pieces at shops.

Inventory:

Hand Weapons
 a - a +0 trident (weapon)
 K - the +7 rapier "Jukiomn" {vamp, Str+2}
   (You found it on level 7 of the Dungeon)

   It inflicts no extra harm, but heals its wielder when it wounds a living foe.
   It affects your strength (+2).
Missiles
 d - 2 throwing nets (quivered)
 L - 7 javelins
Armour
 b - a +0 leather armour
 c - a +0 helmet (worn)
 r - a +0 pair of boots (worn)
 F - a +2 leather armour of poison resistance (worn)
Jewellery
 k - an uncursed ring of fire
 q - a +4 ring of evasion (left hand)
 u - a ring of flight (right hand)
 y - an amulet of regeneration (around neck)
Wands
 w - a wand of random effects (28)
 G - a wand of disintegration (7)
 I - a wand of flame (8)
Scrolls
 g - 4 scrolls of remove curse
 h - a scroll of amnesia
 i - 5 scrolls of identify
 n - 3 scrolls of random uselessness {unknown}
 p - 2 scrolls of blinking
 C - 3 scrolls of enchant weapon
 D - a scroll of fear {unknown}
 E - a scroll of fog
 H - 9 scrolls of teleportation
 J - a scroll of magic mapping {unknown}
Potions
 e - 3 potions of resistance {unknown}
 j - 2 potions of invisibility {unknown}
 l - a potion of brilliance {unknown}
 m - a potion of agility {unknown}
 o - 3 potions of curing
 s - a potion of mutation {unknown}
 t - 2 potions of flight {unknown}
 v - a potion of cancellation {unknown}
 x - 3 potions of heal wounds
 z - a potion of berserk rage {unknown}
 A - 2 potions of haste {unknown}
 B - 2 potions of lignification {unknown}
Comestibles
 f - 13 rations


   Skills:
 + Level 6.9 Fighting
 + Level 13.4 Polearms
 + Level 2.1 Throwing
 + Level 2.9 Armour
 + Level 8.8 Dodging
 + Level 4.1 Stealth
 + Level 1.0 Evocations


You had 7 spell levels left.
You knew the following spells:

 Your Spells              Type           Power        Failure   Level  Hunger
a - Sticks to Snakes      Tmut           #.......     61%         2    ###....

Your spell library contained the following spells:

 Spells                   Type           Power        Failure   Level  Hunger
 Beastly Appendage        Tmut           #.....       45%         1    ##.....
 Magic Dart               Conj           #...         45%         1    ##.....
 Searing Ray              Conj           #.....       61%         2    ###....
 Dazzling Spray           Conj/Hex       #.....       83%         3    ####...
 Spider Form              Tmut/Pois      #.........   83%         3    ####...
 Force Lance              Conj/Tloc      #.......     99%         4    #####..
 Fulminant Prism          Conj/Hex       #.........   99%         4    #####..
 Ice Form                 Ice/Tmut       #.......     99%         4    #####..
 Iskenderun's Mystic Bla  Conj           #.......     99%         4    #####..
 Blade Hands              Tmut           #.........   100%        5    ######.


Dungeon Overview and Level Annotations

Branches:
Dungeon (7/15)             Temple (1/1) D:7

Altars:
Elyvilon
Fedhas
Trog
Vehumet
Xom
Zin

Shops:
D:5 [   D:6 [%?!

Annotations:
D:6 1 runed translucent door, Crazy Yiuf
D:7 Dowan, Duvessa


Message History

The troll bites you but does no damage. The troll closely misses you.
The troll completely misses you.
You hit the troll but do no damage.
The troll is heavily wounded.
You closely miss the troll.
The troll is heavily wounded.
Something hits you but does no damage. The troll barely misses you.
The troll misses you. The troll completely misses you.
You hit the troll.
The troll is severely wounded.
Something hits you.
* * * LOW HITPOINT WARNING * * *
Something hits you but does no damage. Something closely misses you.
The troll barely misses you. x2
The troll misses you. Something hits you.
* * * LOW HITPOINT WARNING * * *
Something hits you.
You die...
Fedhas appreciates your contribution to the ecosystem.

...#..##...#.#..........##.....##
...#..#.....#.#.#######.##....###
...#.#.#..#.#.#.#P...P#.##.######
#.....##.##...#.#.###.#....#####e
.....#...##.#...'.#.'.#......##..
...#.##..##[#.#.#.###.#.#...[.e..
.....#.###..#.#.#P...P#.....e....
#..#####..#.....#######....>.....
#...............@................
#...#...#.#.#####.T..............
..#.#(###...# #.......#.........
.{..{.# ###.####.#...............
.....######......###............#
.#...........(######....<.......#
..............(.................#
##.#################............#
## #.<..>.......#


You could see a troll.

Vanquished Creatures
  A two-headed ogre (Temple)
  A yak (D:7)
  Edmund (D:5)
  3 orc warriors
  An ice beast (D:5)
  2 ogres
  2 sky beasts
  4 centaurs
  2 bullfrogs
  A scorpion (D:7)
  A wyvern skeleton (D:7)
  6 wights
  3 howler monkeys (D:6)
  5 crimson imps
  A centaur zombie (D:7)
  3 hounds
  2 bullfrog skeletons
  2 centaur skeletons (D:5)
  3 iguanas
  An orc priest (D:7)
  An orc wizard (D:7)
  6 worker ants
  A worker ant zombie (D:7)
  A howler monkey skeleton (D:7)
  8 adders
  An ooze (D:2)
  An adder zombie (D:7)
  An adder skeleton (D:7)
  3 worms
  2 leopard geckos
  17 orcs
  3 giant cockroaches
  5 goblins
  9 hobgoblins
  6 jackals
  A ball python (D:3)
  8 bats
  3 frilled lizards
  6 kobolds
  A quokka skeleton (D:5)
  5 rats
134 creatures vanquished.

Vanquished Creatures (others)
  3 plants (D:7)
  85 toadstools
88 creatures vanquished.

Grand Total: 222 creatures vanquished

Notes
Turn   | Place    | Note
-------+----------+-------------------------------------------
     0 | D:1      | doot the Merfolk Gladiator began the quest for the Orb.
     0 | D:1      | Reached XP level 1. HP: 16/16 MP: 1/1
   233 | D:1      | Reached XP level 2. HP: 18/22 MP: 2/2
   334 | D:1      | Reached skill level 5 in Polearms
   550 | D:2      | Reached XP level 3. HP: 28/28 MP: 3/3
   885 | D:2      | Reached XP level 4. HP: 34/34 MP: 4/4
   982 | D:2      | Noticed a phantom
  1199 | D:3      | Found a glowing silver altar of Zin.
  1280 | D:3      | Reached skill level 6 in Polearms
  1509 | D:3      | Found a bloodstained altar of Trog.
  1521 | D:3      | Found a blossoming altar of Fedhas.
  1529 | D:3      | Became a worshipper of Fedhas Madash
  1583 | D:3      | Found a white marble altar of Elyvilon.
  1626 | D:3      | Found a shimmering altar of Xom.
  1628 | D:3      | Reached skill level 1 in Armour
  1635 | D:3      | Reached skill level 5 in Dodging
  1635 | D:3      | Reached XP level 5. HP: 36/41 MP: 5/5
  1650 | D:3      | Reached skill level 1 in Stealth
  1837 | D:3      | Reached XP level 6. HP: 44/47 MP: 6/6
  2118 | D:4      | Reached skill level 7 in Polearms
  2291 | D:5      | Entered Level 5 of the Dungeon
  2503 | D:5      | Found Pupeuxte's Armour Shop.
  2513 | D:5      | Reached skill level 8 in Polearms
  2531 | D:5      | Reached XP level 7. HP: 52/52 MP: 7/7
  2637 | D:5      | Noticed Edmund
  2693 | D:5      | Killed Edmund
  2699 | D:5      | Reached skill level 9 in Polearms
  3044 | D:5      | Reached XP level 8. HP: 61/61 MP: 8/8
  3129 | D:5      | Reached skill level 10 in Polearms
  3353 | D:6      | Found Isikhloe's Food Emporium.
  3426 | D:6      | Reached * piety under Fedhas
  3444 | D:6      | Found Fovvoudime's Armour Emporium.
  3669 | D:6      | Reached skill level 5 in Fighting
  3761 | D:6      | Reached skill level 11 in Polearms
  3779 | D:6      | Found Pustinum's Magic Scroll Shop.
  3787 | D:6      | Bought a scroll of enchant weapon for 105 gold pieces
  3787 | D:6      | Bought a scroll of teleportation for 42 gold pieces
  4033 | D:6      | Found Nurhazug's Distillery.
  4045 | D:6      | Bought a potion of curing for 33 gold pieces
  4137 | D:6      | Found a runed translucent door.
  4138 | D:6      | Noticed Crazy Yiuf
  4430 | D:6      | Reached XP level 9. HP: 64/68 MP: 9/9
  4449 | D:7      | Noticed Dowan
  4491 | D:7      | Noticed Duvessa
  4518 | D:6      | Reached skill level 12 in Polearms
  4694 | D:7      | Noticed a two-headed ogre
  4721 | D:7      | Found a staircase to the Ecumenical Temple.
  4730 | Temple   | Entered the Ecumenical Temple
  4835 | Temple   | Killed a two-headed ogre
  4898 | D:7      | Learned a level 2 spell: Sticks to Snakes
  5157 | D:7      | Reached skill level 13 in Polearms
  5159 | D:7      | Noticed a troll
  5314 | D:7      | Reached skill level 1 in Evocations
  5314 | D:7      | Reached XP level 10. HP: 52/77 MP: 10/10
  5336 | D:7      | Reached ** piety under Fedhas
  5644 | D:7      | Got a pitted rapier
  5645 | D:7      | Identified the +7 rapier "Jukiomn" {vamp, Str+2} (You found
                  | it on level 7 of the Dungeon)
  5775 | D:7      | Slain by an unseen horror

Skill      XL: |  1  2  3  4  5  6  7  8  9 |
---------------+----------------------------+-----
Polearms       | 5 6 8 9 11 13 | 13.4
Armour         | 1 2 |  2.9
Fighting       | 3 4 5 6 |  6.9
Dodging        | 5 6 8 |  8.8
Stealth        | 1 2 4 |  4.1
Evocations     | 1 |  1.0
Throwing       | |  2.1

Action                   |  1- 3 |  4- 6 |  7- 9 | 10-12 || total
-------------------------+-------+-------+-------+-------++-------
Melee: Trident           |   103 |   209 |   435 |    58 ||   805
       Tailslap          |       |     3 |     2 |       ||     5
Throw: Throwing net      |       |       |     1 |       ||     1
Invok: Fungal Bloom      |       |     2 |    18 |     3 ||    23
 Abil: Evoke Flight      |       |       |     1 |       ||     1
Evoke: Wand              |       |       |     7 |     2 ||     9
  Use: Scroll            |       |     5 |     1 |     1 ||     7
 Stab: Sleeping          |     1 |     3 |     2 |       ||     6
       Held in net/web   |       |       |     1 |       ||     1
       Distracted        |       |       |       |     1 ||     1
  Eat: Chunk             |       |     6 |     5 |       ||    11
       Ration            |       |       |     1 |     1 ||     2
Armor: Leather armour    |    26 |    35 |    39 |    15 ||   115
Dodge: Dodged            |    59 |   121 |   280 |    61 ||   521
